 Dungeon Crawl Stone Soup version 0.20.1-1-g8b1a95d (webtiles) character file.

50 MovingMist the Skirmisher (level 3, 0/30 HPs)
             Began as a Demonspawn Abyssal Knight on Nov 18, 2017.
             Was a Believer of Lugonu.
             Slain by a gnoll
             ... wielding a +0 spear
              (6 damage)
             ... on level 2 of the Dungeon.
             The game lasted 00:03:06 (1088 turns).

MovingMist the Skirmisher (DsAK)                    Turns: 1088, Time: 00:03:08

Health: 0/30       AC:  5    Str: 12    XL:     3   Next: 55%
Magic:  5/5        EV: 11    Int: 13    God:    Lugonu [**....]
Gold:   48         SH:  0    Dex: 13    Spells: 2/2 levels left

rFire    . . .     SeeInvis .   a - +1 hand axe
rCold    . . .     Gourm    .   (no shield)
rNeg     . . .     Faith    .   b - +0 leather armour
rPois    .         Spirit   .   m - +0 helmet
rElec    .         Reflect  .   d - +0 cloak
rCorr    .         Harm     .   (no gloves)
MR       .....                  (no boots)
Stlth    +.........             (no amulet)
Regen    0.1/turn               (no ring)
MPRegen  0.1/turn               (no ring)

@: no status effects
A: hooves 1, powered by death 1, subdued magic 1
a: Depart the Abyss, Bend Space, Renounce Religion


You were on level 2 of the Dungeon.
You worshipped Lugonu.
Lugonu was pleased with you.
You were not hungry.

You visited 1 branch of the dungeon, and saw 2 of its levels.
You visited the Abyss 1 time.

You collected 48 gold pieces.

Inventory:

Hand Weapons
 a - a +1 hand axe (weapon)
Armour
 b - a +0 leather armour (worn)
 d - a +0 cloak (worn)
 m - a +0 helmet (worn)
Scrolls
 e - a scroll of recharging {unknown}
 h - 2 scrolls of remove curse {unknown}
 i - 2 scrolls of immolation {unknown}
 j - 2 scrolls of teleportation {unknown}
 n - a scroll of magic mapping {unknown}
Potions
 f - 2 potions of curing {unknown}
 g - 3 potions of heal wounds {unknown}
 o - a potion of brilliance {unknown}
Comestibles
 c - a bread ration
 k - 15 chunks of flesh
 l - 4 fruits


   Skills:
 + Level 3.7 Fighting
 + Level 2.2 Axes
 - Level 1.7 Armour
 + Level 1.3 Dodging
 + Level 3.2 Invocations


You had 2 spell levels left.
You didn't know any spells.

Dungeon Overview and Level Annotations

Branches:
Dungeon (2/15)

Altars:


Innate Abilities, Weirdness & Mutations

You have large cloven feet.
You regenerate a little health from kills.
Your spells are a little easier to cast, but a little less powerful.


Message History

The gnoll shouts! x2
A gnoll comes into view. It is wielding a halberd.
You hit the gnoll.
The gnoll is lightly wounded.
The gnoll hits you with a flail.
You closely miss the gnoll.
The gnoll is lightly wounded.
The gnoll hits you from afar with a spear.
The gnoll hits you with a flail.
You hit the gnoll. Your kick misses the gnoll.
The gnoll is moderately wounded.
The gnoll hits you but does no damage. The gnoll barely misses you.
The gnoll hits you from afar with a spear.
The gnoll shouts!
You hit the gnoll.
The gnoll is moderately wounded.
The gnoll hits you with a flail!
* * * LOW HITPOINT WARNING * * *
The gnoll hits you from afar with a spear.
You die...

# g#########.##
g.g..g......# #......#
#.###..## #.# .... #g#
..# # #######g##...##
#......@......# ##
####.#####.###.#.# ..
........##.#
#.#######.##.##.###.#.
##.##..................#
#.....<.....#..........#
#..##.##....#######.....#
#..##.##....#### #.#...#
...............## #.#...#


You could see 3 gnolls.

Vanquished Creatures
  An ooze (D:1)
  2 bats (D:1)
  3 giant cockroaches
  6 hobgoblins
  6 jackals (D:1)
  2 quokkas (D:2)
  2 ball pythons
  6 frilled lizards
  6 goblins
  3 kobolds
  5 rats
42 creatures vanquished.

Notes
Turn   | Place    | Note
-------+----------+-------------------------------------------
     0 | Abyss:1  | MovingMist the Demonspawn Abyssal Knight began the quest for the Orb.
     0 | Abyss:1  | Reached XP level 1. HP: 18/18 MP: 2/2
    40 | Abyss:1  | Noticed a large abomination
    40 | Abyss:1  | Noticed a spatial maelstrom
    40 | Abyss:1  | Noticed a neqoxec
    40 | Abyss:1  | Gained mutation: Your spells are a little easier to cast, but a little less powerful. [a neqoxec]
    41 | D:1      | Escaped the Abyss
    74 | D:1      | Reached * piety under Lugonu
    74 | D:1      | Reached skill level 1 in Dodging
    79 | D:1      | Gained mutation: You regenerate a little health from kills. [demonic ancestry]
    79 | D:1      | Reached XP level 2. HP: 23/24 MP: 3/3
   688 | D:1      | Gained mutation: You have large cloven feet. [demonic ancestry]
   688 | D:1      | Reached XP level 3. HP: 24/29 MP: 5/5
  1000 | D:2      | Reached ** piety under Lugonu
  1088 | D:2      | Slain by a gnoll

Skill      XL: |  1  2  3 |
---------------+----------+-----
Dodging        | 1 |  1.3
Axes           | 2 |  2.2
Invocations    | 3 |  3.2
Fighting       | |  3.7
Armour         | |  1.7

Action                   || total
-------------------------++-------
Melee: Hand axe          ||   109
       Kick              ||     9
Invok: Depart the Abyss  ||     1
  Eat: Chunk             ||     1
Armor: Leather armour    ||    42
Dodge: Dodged            ||    68
